 Dungeon Crawl Stone Soup version 0.28-a0-194-g42b4daccc1 (webtiles) character file.

Game seed: 13666072431699777288

90 timneilson the Covered (level 4, 0/29 HPs)
             Began as a Gargoyle Fighter on Aug 18, 2021.
             Slain by a kobold (1 damage)
             ... in a sewer.
             The game lasted 00:03:15 (2425 turns).

timneilson the Covered (Gargoyle Fighter)           Turns: 2425, Time: 00:03:15

Health: 0/29       AC: 11    Str: 20    XL:     4   Next: 56%
Magic:  4/4        EV:  7    Int:  9    God:
Gold:   121        SH:  8    Dex:  9    Spells: 3/3 levels left

rFire   . . .      SeeInvis .   a - +0 long sword
rCold   . . .      Faith    .   c - +0 kite shield
rNeg    + . .      Spirit   .   b - +0 scale mail
rPois   ∞          Reflect  .   (no helmet)
rElec   +          Harm     .   j - +0 cloak
rCorr   .          Rampage  .   (no gloves)
Will    .....                   (no boots)
Stlth   ..........              (no amulet)
HPRegen 0.09/turn               (no ring)
MPRegen 0.09/turn               (no ring)

@: mighty
A: sickness immunity, AC +3, negative energy resistance 1, electricity
resistance, torment resistance 1, petrification resistance
a: no special abilities


You were in a sewer.
You visited 1 branch of the dungeon, and saw 3 of its levels.
You also visited: Sewer.

You collected 121 gold pieces.

Inventory:

Hand Weapons
 a - a +0 long sword (weapon)
Armour
 b - a +0 scale mail (worn)
 c - a +0 kite shield (worn)
 j - a +0 cloak (worn)
Scrolls
 f - 2 scrolls of identify
 i - a scroll of teleportation
Potions
 g - 2 potions of brilliance
 h - 2 potions of cancellation


   Skills:
 + Level 3.7 Fighting
 * Level 2.5 Long Blades
 * Level 4.2 Armour
 * Level 4.1 Shields


You had 3 spell levels left.
You didn't know any spells.
Your spell library was empty.

Dungeon Overview and Level Annotations

Branches:
Dungeon (3/15)              Sewer (1/1)

Altars:


Innate Abilities, Weirdness & Mutations

You are immune to sickness and miasma.
Your stone body is resilient. (AC +3)
You are immune to poison.
You resist negative energy. (rN+)
You are resistant to electric shocks. (rElec)
You are resistant to unholy torment.
You are immune to petrification.


Message History

There is an open door here.
You enter the shallow water.
Moving in this stuff is going to be slow.
You open the large door.
A kobold and a kobold brigand come into view.
The kobold brigand is wielding a +0 short sword and quivering poisoned darts.
The kobold shouts!
Found a hand axe, a leather armour and a grey potion.
Found a gate leading back out of this place.
You feel very mighty all of a sudden. The kobold hits you but does no damage.
The kobold hits you with a +0 whip. You block the kobold brigand's attack.
There is a large open door here.
You barely miss the kobold brigand. The kobold hits you but does no damage.
The kobold brigand hits you with a +0 short sword.
You closely miss the kobold brigand. The kobold hits you but does no damage.
The kobold brigand hits you with a +0 short sword.
The kobold hits you but does no damage. You block the kobold brigand's attack.
You closely miss the kobold brigand. You block the kobold's attack.
The kobold brigand hits you with a +0 short sword.
You closely miss the kobold brigand. The kobold barely misses you.
You riposte.
You barely miss the kobold.
The kobold brigand hits you with a +0 short sword.
The kobold hits you with a +0 whip.
The kobold brigand hits you with a +0 short sword.
* * * LOW HITPOINT WARNING * * *
You hit the kobold brigand.
The kobold brigand is lightly wounded.
You block the kobold's attack.
The kobold brigand hits you but does no damage.
You slash the kobold brigand!
The kobold brigand is heavily wounded.
You block the kobold's attack. You block the kobold brigand's attack.
The kobold barely misses you.
The kobold brigand hits you with a +0 short sword.
* * * LOW HITPOINT WARNING * * *
You slash the kobold brigand!
The kobold brigand is almost dead.
The kobold hits you with a +0 whip.
You die...

.≈ ≈≈≈
≈≈≈#################
≈≈≈≈≈≈≈≈≈≈≈≈≈≈≈≈≈≈≈#
≈≈≈≈≈≈≈≈≈≈≈≈≈≈≈≈≈≈≈#
≈≈≈≈≈≈≈≈≈≈≈≈≈≈≈≈≈≈≈#
######≈≈########'###
....≈P≈≈P.#....#...#
....≈≈P≈..@K.∩)#.∩.#
.P........K.[..#.∩.#
..........#.!..#####
........########
.....##.# ##### ###


You could see a kobold brigand and a kobold.

Vanquished Creatures
  4 adders
  A dart slug (D:1)
  5 bats
  3 endoplasms
  3 giant cockroaches
  7 goblins
  4 hobgoblins
  4 jackals (D:2)
  5 kobolds
  A quokka (D:1)
  7 ball pythons
  2 frilled lizards (D:1)
  3 rats
49 creatures vanquished.

Vanquished Creatures (others)
  2 plants (D:2)
2 creatures vanquished.

Grand Total: 51 creatures vanquished

Notes
Turn   | Place    | Note
-------+----------+-------------------------------------------
     0 | D:1      | timneilson the Gargoyle Fighter began the quest for the
                  | Orb.
     0 | D:1      | Reached XP level 1. HP: 14/14 MP: 1/1
   348 | D:1      | Reached XP level 2. HP: 10/19 MP: 2/2
   789 | D:1      | Found a faded altar of an unknown god.
   844 | D:1      | Reached XP level 3. HP: 23/23 MP: 3/3
  1948 | D:3      | Reached XP level 4. HP: 14/28 MP: 4/4
  2008 | D:3      | Found a glowing drain.
  2186 | Sewer    | Entered a sewer
  2416 | Sewer    | Noticed a kobold brigand
  2424 | Sewer    | HP: 1/29 [kobold brigand (5)]
  2425 | Sewer    | Slain by a kobold

Illustrated notes

Levels and vault maps discovered:
D:1:      saegor_arrival_simple_d, layout_loops_cross,
          hellmonk_ecumenical_altar_pennies_from_heaven,
          chequers_serial_rivers_micro_c
D:2:      cheibrodos_old_hovel, layout_basic
D:3:      layout_basic, gup_sewer_entry_glass
Sewer:    kennysheep_pipe_town

Skill      XL: |  1  2  3 |
---------------+----------+-----
Long Blades    | 2 |  2.5
Armour         | 4 |  4.2
Shields        | 4 |  4.1
Fighting       | |  3.7

Action                   |  1- 3 |  4- 6 || total
-------------------------+-------+-------++-------
Melee: Long sword        |   134 |    59 ||   193
  Use: Scroll            |     5 |       ||     5
       Potion            |       |     2 ||     2
Armor: Scale mail        |    88 |    57 ||   145
Dodge: Dodged            |    45 |    30 ||    75
Block: Kite shield       |    59 |    34 ||    93
       Rpst.: Long sword |    17 |    10 ||    27

Table legend: (Time is in decaauts)
 A = Elapsed time spent in this place.
 B = Non-inter-level travel time spent in this place.
 C = Inter-level travel time spent in this place.
 D = Time resting spent in this place.
 E = Time spent auto-exploring this place.
 F = Levels seen in this place.
 G = Mean time per level.
                   A        B        C        D        E       F      G
               +--------+--------+--------+--------+--------+-----+--------+
         Total |   2534 |   2487 |     47 |    329 |   1667 |   4 |  633.5 |
       Dungeon |   2285 |   2238 |     47 |    117 |   1646 |   3 |  761.7 |
         Sewer |    249 |    249 |      0 |    212 |     21 |   1 |  249.0 |
               +--------+--------+--------+--------+--------+-----+--------+

Top non-repeatable levels by time:
     D:1: 1136 daAuts
     D:2: 873 daAuts
     D:3: 275 daAuts
   Sewer: 249 daAuts
